 Dungeon Crawl Stone Soup version 0.30-a0-172-gc5509c9e31 (webtiles) character file.

Game seed: 10918073313879907787

54 qw the Chopper (level 3, -4/23 HPs)
             Began as a Gargoyle Fighter on Oct 1, 2022.
             Slain by Grinder (6 damage)
             ... on level 3 of the Dungeon.
             The game lasted 00:00:40 (2019 turns).

qw the Chopper (Gargoyle Fighter)                   Turns: 2019, Time: 00:00:41

Health: -4/23      AC: 13    Str: 21    XL:     3   Next: 91%
Magic:  3/3        EV:  9    Int:  8    God:
Gold:   114        SH:  4    Dex:  9    Spells: 2/2 levels left

rFire   . . .      SeeInvis .    Y - +2 war axe
rCold   + . .      Faith    .    c - +0 buckler
rNeg    + . .      Spirit   .    b - +0 scale mail
rPois   inf        Reflect  .    m - +2 hat
rElec   +          Harm     .    l - +0 cloak
rCorr   .          Rampage  .    (no gloves)
Will    .....                    (no boots)
Stlth   ..........               (no amulet)
HPRegen 0.23/turn                n - ring of protection from cold
MPRegen 0.08/turn                (no ring)

@: no status effects
A: sickness immunity, AC +3, negative energy resistance 1, electricity
resistance, torment resistance 1, petrification resistance
a: no special abilities


You were on level 3 of the Dungeon.
You visited 1 branch of the dungeon, and saw 3 of its levels.

You collected 114 gold pieces.


Innate Abilities, Weirdness & Mutations

You are immune to sickness and miasma.
Your stone body is resilient. (AC +3)
You are immune to poison.
You resist negative energy. (rN+)
You are resistant to electric shocks. (rElec)
You are resistant to unholy torment.
You are immune to petrification.


   Skills:
 - Level 3.2 Fighting
 + Level 3.7 Axes
 - Level 3.2 Armour
 - Level 3.2 Shields


You had 2 spell levels left.
You didn't know any spells.
Your spell library was empty.

Inventory:

Hand Weapons
 k - a +0 whip
 Y - a +2 war axe (weapon)
Missiles
 f - a boomerang (quivered)
Armour
 b - a +0 scale mail (worn)
 c - a +0 buckler (worn)
 l - a +0 cloak (worn)
 m - a +2 hat (worn)
Jewellery
 n - a ring of protection from cold (left hand)
Scrolls
 i - a scroll of amnesia {unknown}
Potions
 a - a potion of lignification {unknown}
 d - a potion of might
 g - a potion of curing {unknown}
 h - a potion of degeneration {unknown}
 j - a potion of brilliance {unknown}

Dungeon Overview and Level Annotations

Branches:
Dungeon (3/15)

Altars:

Annotations:
D:2 1 runed translucent door, Crazy Yiuf
D:3 3 runed translucent doors, Grinder


Message History

You throw a boomerang.
The boomerang hits the kobold but does no damage.
Throw: boomerang
Press: ? - help, Q - select action Shift-Dir - straight line, f/p - kobold You throw a boomerang.
The boomerang hits the kobold.
You kill the kobold!
k - a +0 whip
2002 ||| DROPPING +0 club.
You drop a +0 club.
A goblin comes into view. It is wielding a +0 club.
The goblin shouts!
You hear a shout! x2
The goblin moves out of view.
Grinder comes into view.
She is carrying a wand of roots (7).
Grinder shouts!
2008 ||| Stepping ~*~*~tactically~*~*~ (hiding).
2009 ||| Stepping ~*~*~tactically~*~*~ (hiding).
You start waiting.
A goblin is nearby!
You closely miss the goblin. The goblin barely misses you.
The goblin closely misses you.
You hit the goblin.
You kill the goblin!
Grinder blinks!
You start waiting.
Grinder is nearby!
Grinder zaps a wand.
The roots erupt in riotous growth!
The grasping roots grab you!
Grinder is unaffected.
The grasping roots constrict you!
Things that are here:
a +0 club; a goblin corpse You barely miss Grinder.
You block Grinder's attack. The grasping roots constrict you!
A hobgoblin comes into view.
You barely miss Grinder. Grinder hits you but does no damage.
The grasping roots constrict you! Grinder closely misses you.
The grasping roots constrict you.
The grasping roots release their grip on you.
You hit Grinder.
Grinder is lightly wounded.
Grinder hits you.
You die...

###....[.......##.
#...###..########.
#.####.#####:.# ##
#......)......#
#.####.####...#
#.#......#
#..........
###...#.......
#.@5#....#####
#.#...#.##
#.##g##.# #.# .#
..# .. ### .## ..


You could see Grinder and a hobgoblin.

Vanquished Creatures
  A worm (D:2)
  2 dart slugs
  3 bats
  2 endoplasms
  A giant cockroach (D:2)
  6 goblins
  8 hobgoblins
  A quokka (D:2)
  9 ball pythons
  6 kobolds
  6 rats
45 creatures vanquished.

Notes
Turn   | Place    | Note
-------+----------+-------------------------------------------
     0 | D:1      | qw the Gargoyle Fighter began the quest for the Orb.
     0 | D:1      | Reached XP level 1. HP: 14/14 MP: 1/1
     0 | D:1      | 0 ||| qw: Version: 0.2-a-13-gfc7b4b4
     0 | D:1      | 0 ||| qw: Game counter: 1779
     0 | D:1      | 0 ||| qw: Always use a shield: true
     0 | D:1      | 0 ||| qw: God list: Okawaru
     0 | D:1      | 0 ||| qw: Allow faded altars: false
     0 | D:1      | 0 ||| qw: Do Orc after D:15 true
     0 | D:1      | 0 ||| qw: Do second Lair branch before Depths: true
     0 | D:1      | 0 ||| qw: Lair rune preference: random
     0 | D:1      | 0 ||| qw: Plans: Normal, Zot:1-4, God:TSO, Crypt, Tomb,
                  | Pan, Slime:5, Hells, Abyss, Orb
     0 | D:1      | 0 ||| PLANNING D:1-11
    65 | D:1      | Reached XP level 2. HP: 19/19 MP: 2/2
   124 | D:1      | 124 ||| Stepping ~*~*~tactically~*~*~ (stealth).
   281 | D:1      | Reached skill level 3 in Axes
   605 | D:1      | 605 ||| Stepping ~*~*~tactically~*~*~ (hiding).
   607 | D:1      | 607 ||| Stepping ~*~*~tactically~*~*~ (hiding).
   612 | D:1      | Reached XP level 3. HP: 22/23 MP: 3/3
   767 | D:1      | 767 ||| DROPPING ring of wizardry.
   768 | D:1      | 768 ||| READING scroll labelled EGHIDO NUPOIS.
   769 | D:1      | 769 ||| READING 2 scrolls labelled HETHROADDIO.
   770 | D:1      | 770 ||| READING scroll of enchant weapon.
   770 | D:1      | 770 ||| ENCHANTING +1 war axe.
   771 | D:1      | 771 ||| DRINKING 2 fizzy puce potions.
   772 | D:1      | 772 ||| DROPPING potion of flight.
   881 | D:2      | 881 ||| Stepping ~*~*~tactically~*~*~ (stealth).
  1138 | D:2      | 1138 ||| Stepping ~*~*~tactically~*~*~ (hiding).
  1586 | D:2      | Found a runed translucent door.
  1587 | D:2      | Noticed Crazy Yiuf
  1819 | D:2      | 1819 ||| DROPPING scarf of harm.
  1820 | D:2      | 1820 ||| UPGRADING to +0 cloak.
  1825 | D:2      | 1825 ||| UPGRADING to +2 hat.
  1830 | D:2      | 1830 ||| UPGRADING to ring of protection from cold.
  1831 | D:2      | 1831 ||| READING scroll labelled GAHURROUTUA.
  1832 | D:2      | 1832 ||| READING scroll labelled VYJ UNUNULIEMI.
  1981 | D:3      | Found a runed translucent gate.
  1981 | D:3      | Found a runed translucent gate.
  1981 | D:3      | Found a runed translucent gate.
  2002 | D:3      | 2002 ||| DROPPING +0 club.
  2007 | D:3      | Noticed Grinder
  2008 | D:3      | 2008 ||| Stepping ~*~*~tactically~*~*~ (hiding).
  2009 | D:3      | 2009 ||| Stepping ~*~*~tactically~*~*~ (hiding).
  2018 | D:3      | HP: 1/23 [constriction (7)]
  2019 | D:3      | Slain by Grinder

Levels and vault maps discovered:
D:1:      grunt_arrival_crossed_arrows, layout_basic, palyth_stone_intersect
D:2:      layout_basic, uniq_crazy_yiuf_cottage
D:3:      layout_loops_ring, gammafunk_ghost_icy, lightli_corner_chamber,
          uniq_grinder

Skill      XL: |  1  2 |
---------------+-------+-----
Axes           | 2 3 |  3.7
Fighting       | |  3.2
Armour         | |  3.2
Shields        | |  3.2

Action                   || total
-------------------------++-------
Melee: War axe           ||    92
Throw: Boomerang         ||    68
  Use: Scroll            ||     5
       Potion            ||     1
Armor: Scale mail        ||    45
Dodge: Dodged            ||    41
Block: Buckler           ||    11

Table legend:
 A = Non-vault XP
 B = Vault XP
 C = Vault XP percentage of total XP
 D = Non-vault monster count
 E = Vault monster count
 F = Vault count percentage of total count
                 A         B        C        D         E       F
            +---------+---------+-------+---------+---------+-------
      Total |      78 |       0 |   0.0 |      45 |       0 |   0.0
            +---------+---------+-------+---------+---------+-------
        D:1 |      39 |       0 |   0.0 |      23 |       0 |   0.0
        D:2 |      37 |       0 |   0.0 |      20 |       0 |   0.0
        D:3 |       2 |       0 |   0.0 |       2 |       0 |   0.0
            +---------+---------+-------+---------+---------+-------
